AoeStats
← Sparten gio

Glade

503762619Analyzed
1v1 RM · 1mo ago on Sep 2, 2026· 36m 29s· 2 players
Game mode
Random Map
Map size
Tiny (2 player)
Population
200
Speed
Normal
Resources
Standard
Victory
Conquest
Starting age
Dark Age
Ending age
Imperial Age
RankedLock teamsTeams togetherTeam positionsShared explorationLock speedFull tech treeHidden civsTurbo modeCheats
Victory
Defeat
🇦🇷 Wei · Argentina
891
+16
🇺🇸 Poles · United States
890
-16
Sparten gio
10:46 Feudal Age
12:18 Double-Bit Axe
12:26 Horse Collar
12:36 Loom
12:44 Loom
18:14 Bloodlines
19:40 Forging
19:37 Scale Barding Armor
23:12 Castle Age
24:17 Husbandry
33:25 Chain Barding Armor
36:17 Fletching
[Vsh]-BilShit™
0:26 Loom
12:27 Feudal Age
17:42 Castle Age
17:57 Pikeman
18:49 Stone Mining
18:47 Double-Bit Axe
23:23 Fletching
28:34 Tuntian
Connection lost

Rejoining the realm…

Still unreachable

The connection could not be restored.

Session expired

The server has moved on; the page needs a fresh start.